Map: Lerilak Crest

Players

Paladin - Winner!

  • Race: Terran Terran
  • League: Bronze

capac

  • Race: Terran Terran
  • League: Gold

VOD

Have the link to the VOD?

Description

Time

  • Played on: Dec. 1, 2015, 12:01 p.m.
  • Length: 16:10
Show
View Real Time Build Order
Export as new Build Order

Paladin Terran - Winner!

Build Orders:  

Get SALT Encoding   

  12  0:02  SCV  
  14  0:14  SCV  
  14  0:17  Supply Depot  
  14  0:26  SCV  
  15  0:30  Refinery  
  15  0:39  SCV  
  16  0:47  Barracks  
  16  0:51  SCV  
  17  1:03  SCV  
  18  1:07  Supply Depot  
  18  1:19  SCV  
  19  1:31  SCV  
  20  1:36  Marine  
  20  1:37  Factory  
  21  1:43  SCV  
  22  1:54  Marine  
  22  1:55  SCV  
  24  2:04  Refinery  
  24  2:10  Orbital Command  
  24  2:13  Marine  
  25  2:24  Factory Tech Lab  
  25  2:33  Starport  
  25  2:34  Barracks Reactor  
  25  2:40  SCV  
  26  2:45  Widow Mine  
  28  2:52  SCV  
  29  3:00  Supply Depot  
  29  3:14  Widow Mine  
  29  3:19  Barracks Tech Lab  
  31  3:22  Medivac  
  31  3:26  Medivac  
  35  3:28  SCV  
  35  3:31  Supply Depot  
  36  3:37  Command Center  
  36  3:43  Widow Mine  
  36  3:47  SCV  
  39  3:51  Supply Depot  
  39  3:53  Marauder  
  41  4:09  SCV  
  42  4:12  Siege Tank  
  42  4:14  Marauder  
  46  4:50  Marine  
  46  4:52  Siege Tank  
  48  4:54  Medivac  
  46  5:08  Marine  
  47  5:15  SCV  
  46  5:26  Marine  
  46  5:28  SCV  
  48  5:33  Cyclone  
  49  5:40  SCV  
  50  5:44  Marine  
  53  5:51  Viking  
  53  5:55  Engineering Bay  
  50  6:02  Marauder  
  50  6:18  Engineering Bay  
  50  6:29  SCV  
  51  6:41  SCV  
  51  6:53  SCV  
  48  7:01  Marine  
  47  7:09  Barracks  
  47  7:12  Orbital Command  
  47  7:15  Missile Turret  
  47  7:18  Marine  
  48  7:30  Starport  
  48  7:32  Hellion  
  48  7:36  Marine  
  51  7:49  Missile Turret  
  51  7:53  Hellion  
  51  7:54  Marine  
  51  7:55  SCV  
  53  8:07  SCV  
  53  8:12  Marine  
  53  8:14  Command Center  
  53  8:15  Hellion, SCV  
  53  8:19  SCV  
  55  8:27  SCV  
  55  8:29  Starport Tech Lab  
  55  8:30  Barracks Tech Lab  
  55  8:31  SCV  
  55  8:32  Marauder  
  59  8:35  Factory  
  59  8:39  SCV  
  60  8:43  SCV  
  61  8:51  SCV  
  61  8:54  Marauder  
  64  9:03  SCV  
  64  9:09  Bunker  
  65  9:15  Marauder, SCV  
  68  9:20  Missile Turret  
  68  9:27  SCV  
  68  9:29  Refinery, Planetary Fortress  
  69  9:31  Factory Reactor  
  69  9:33  Stimpack  
  69  9:34  Cloaking Field  
  68  9:40  SCV  
  66  10:03  Missile Turret  
  66  10:05  Marine x2  
  68  10:08  SCV  
  68  10:14  SCV  
  70  10:19  Banshee  
  70  10:20  SCV  
  74  10:23  Marine x2  
  74  10:26  SCV  
  77  10:32  SCV  
  74  10:38  SCV  
  74  10:39  Missile Turret  
  74  10:41  Marine x2  
  77  10:45  SCV  
  77  10:46  Refinery  
  77  10:49  Viking x2  
  82  10:50  SCV  
  82  10:51  Widow Mine  
  85  10:57  Supply Depot x2  
  85  10:58  Widow Mine  
  85  10:59  SCV  
  85  11:11  Missile Turret  
  85  11:12  SCV  
  84  11:19  Banshee  
  60  12:01  Marine x2  
  60  12:04  Cyclone  
  60  12:05  Banshee  
  60  12:06  Viking, Medivac  
  72  12:19  Marine x2  
  74  12:36  Viking x2, Cyclone  
  81  12:37  Marine x2  
  80  12:54  Supply Depot  
  80  12:55  Marauder, Marine  
  80  12:56  Armory  
  80  12:58  Armory  
  83  13:01  Combat Shields  
  83  13:04  Engineering Bay  
  83  13:05  Mag-Field Accelerator  
  83  13:08  Cyclone  
  86  13:13  Marauder  
  86  13:14  Refinery  
  86  13:16  Refinery, Marine  
  86  13:34  Marine x2  
  86  13:40  Cyclone  
  85  13:56  Supply Depot x2  
  85  14:01  Marauder  
  85  14:02  Starport  
  87  14:03  Viking x2  
  87  14:04  Fusion Core  
  87  14:06  Widow Mine x2  
  95  14:23  Marauder  
  95  14:44  Marauder  
  97  14:56  Starport Tech Lab  
  97  14:58  Command Center  
  97  15:16  Missile Turret  
  97  15:19  Sensor Tower  
Show
View Real Time Build Order
Export as new Build Order

capac Terran 

Build Orders:  

Get SALT Encoding   

  12  0:00  SCV  
  13  0:13  SCV  
  14  0:18  Supply Depot  
  14  0:27  SCV  
  15  0:39  SCV  
  16  0:43  Barracks  
  16  0:46  Refinery  
  16  0:57  SCV  
  17  1:09  SCV  
  18  1:21  SCV  
  19  1:31  Supply Depot  
  19  1:38  Orbital Command  
  19  1:40  Barracks Reactor  
  19  1:53  Refinery  
  19  2:04  SCV  
  19  2:16  SCV  
  19  2:18  Command Center  
  20  2:24  Factory  
  20  2:29  Marine x2  
  22  2:31  SCV  
  23  2:43  SCV  
  24  2:48  Marine x2  
  26  2:55  SCV  
  27  3:06  Marine x2  
  27  3:09  SCV  
  30  3:21  SCV  
  30  3:22  Factory Reactor  
  30  3:23  Starport  
  31  3:28  Engineering Bay  
  31  3:29  Marine x2  
  31  3:33  SCV  
  34  3:45  SCV  
  35  3:49  Supply Depot  
  35  3:50  Marine x2  
  37  4:00  Liberator  
  37  4:01  Orbital Command  
  37  4:05  Liberator  
  37  4:10  SCV  
  37  4:11  Missile Turret  
  44  4:25  Factory Tech Lab  
  44  4:30  SCV  
  45  4:31  SCV  
  37  5:09  SCV  
  37  5:10  SCV  
  32  5:34  Siege Tank  
  32  5:35  Liberator  
  35  5:36  SCV x2  
  29  5:49  Marine  
  28  6:16  Orbital Command  
  28  6:23  Marine  
  28  6:24  Marine  
  30  6:28  Siege Tank  
  33  6:33  SCV  
  33  6:50  Liberator  
  25  7:05  Marine x2  
  28  7:12  SCV  
  28  7:13  SCV  
  28  7:48  SCV  
  29  8:28  SCV x2  
  29  8:32  Marine  
  32  8:36  Viking x2  
  36  8:42  SCV x2  
  38  8:54  Supply Depot  
  38  9:12  Supply Depot  
  38  9:15  Widow Mine, Marine  
  38  9:16  SCV x2  
  43  9:50  Widow Mine  
  45  10:17  Liberator  
  45  10:20  SCV x2  
  47  10:25  Command Center  
  50  11:31  Siege Tank  
  46  11:58  Liberator  
  44  12:14  Orbital Command  
  44  12:17  Marine  
  48  12:35  Marine  
  46  12:54  SCV  
  47  13:01  Siege Tank  
  45  13:52  Medivac  
  40  14:52  Siege Tank  
  43  14:53  Viking  
  45  15:06  Barracks  
  45  15:09  Barracks  
  45  15:11  SCV  
  46  15:19  Barracks Reactor  
Tags
 
Add a new tag
Caveats
  • Supply blocks, unpowered buildings, or Contaminate may cause inaccurate times.
  • Supply counts are checked every 10 seconds.